 Dungeon Crawl Stone Soup version 0.31-a0-66-ge618eeaa78 (webtiles) character file.

Game seed: 12583210537847253485

10132 funkygono the Cleaver (level 11, -1/92 (95) HPs)
             Began as a Minotaur Fighter on May 22, 2023.
             Was an Elder of Okawaru.
             Slain by a wight
             ... wielding a +0 long sword
              (5 damage)
             ... on level 10 of the Dungeon.
             The game lasted 00:17:54 (9628 turns).

funkygono the Cleaver (Minotaur Fighter)            Turns: 9628, Time: 00:17:55

HP:   -1/92 (95)    AC: 16    Str: 25    XL:     11   Next: 32%
MP:   0/20          EV: 10    Int: 11    God:    Okawaru [****..]
Gold: 549           SH:  6    Dex: 17    Spells: 10/10 levels left

rFire   . . .        a - +0 war axe (venom)
rCold   . . .        c - +0 buckler
rNeg    + . .        p - +1 chain mail of Etziaxzu {rN+ MP+9}
rPois   +            k - +2 hat
rElec   +            y - +0 cloak
rCorr   +            (no gloves)
SInv    +            (no boots)
Will    .....        o - amulet of guardian spirit Stlth
                     D - ring "Waek" {rElec rPois Dex+7 SInv Stlth-}
HPRegen 0.35/turn    E - ring "Icuad" {rCorr Int+6}
MPRegen 0.17/turn

%: guardian spirit
@: lightly drained
A: horns 2, retaliatory headbutt
a: Renounce Religion, Heroism, Finesse


You were on level 10 of the Dungeon.
You worshipped Okawaru.
Okawaru was greatly pleased with you.
You visited 2 branches of the dungeon, and saw 11 of its levels.

You collected 549 gold pieces.

Inventory:

Hand Weapons
 a - a +0 war axe of venom (weapon)
Missiles
 j - 15 poisoned darts
 l - 5 boomerangs (quivered)
 q - 5 javelins
 H - a curare-tipped dart
Armour
 b - a scarf of shadows
 c - a +0 buckler (worn)
 k - a +2 hat (worn)
 p - the +1 chain mail of Etziaxzu (worn) {rN+ MP+9}
   (You found it on level 3 of the Dungeon)

   rN:        It protects you from negative energy.
   MP:        It affects your magic capacity (+9).
 y - a +0 cloak (worn)
 C - a +0 chain mail
Jewellery
 i - a ring of fire
 o - an amulet of guardian spirit (around neck)
 D - the ring "Waek" (left hand) {rElec rPois Dex+7 SInv Stlth-}
   (You found it on level 7 of the Dungeon)

   [ring of see invisible]

   Dex:       It affects your dexterity (+7).
   rElec:     It insulates you from electricity.
   rPois:     It protects you from poison.
   SInv:      It lets you see invisible.
   Stlth:     It makes you less stealthy.
 E - the ring "Icuad" (right hand) {rCorr Int+6}
   (You found it on level 7 of the Dungeon)

   [ring of intelligence]

   Int:       It affects your intelligence (+6).
   rCorr:     It protects you from acid and corrosion.
 F - the ring "Paawodgh" {+Blink rPois rF+ Int+9 Stlth-}
   (You found it on level 7 of the Dungeon)

   [ring of protection from fire]

   Int:       It affects your intelligence (+9).
   rF:        It protects you from fire.
   rPois:     It protects you from poison.
   +Blink:    It lets you blink.
   Stlth:     It makes you less stealthy.
 G - the ring of Piaj {rPois Will+++ rCorr Str-3 Int-4}
   (You found it on level 7 of the Dungeon)

   [ring of resist corrosion]

   Str:       It affects your strength (-3).
   Int:       It affects your intelligence (-4).
   rPois:     It protects you from poison.
   rCorr:     It protects you from acid and corrosion.
   Will:      It greatly increases your willpower.
 K - a ring of positive energy
Wands
 s - a wand of polymorph (5)
 t - a wand of digging (4)
 v - a wand of roots (28)
Scrolls
 h - a scroll of blinking
 m - 3 scrolls of amnesia
 n - a scroll of butterflies
 u - a scroll of teleportation
 A - a scroll of poison
 B - 4 scrolls of identify
 J - a scroll of acquirement {unknown}
Potions
 d - a potion of invisibility
 e - 2 potions of heal wounds
 f - 3 potions of enlightenment
 g - a potion of cancellation
 r - a potion of brilliance
 w - a potion of attraction
 x - a potion of mutation
 z - 2 potions of might
 I - 3 potions of curing {unknown}


   Skills:
 + Level 8.3 Fighting
 + Level 14.2 Axes
 + Level 1.5 Throwing
 + Level 11.7 Armour
 + Level 3.3 Dodging
 + Level 1.4 Stealth
 + Level 7.6 Shields
 + Level 2.0 Invocations


You had 10 spell levels left.
You didn't know any spells.
Your spell library contained the following spells:

 Spells                   Type           Power      Damage    Failure   Level
 Sandblast                Erth           0%         2d4       83%         1
 Shock                    Conj/Air       0%         1d3       83%         1
 Passwall                 Tmut/Erth      0%         N/A       93%         2
 Inner Flame              Hex/Fire       0%         N/A       99%         3
 Stone Arrow              Conj/Erth      0%         3d7       99%         3
 Swiftness                Air            0%         N/A       99%         3
 Airstrike                Air            0%         2d(0-16)  100%        4
 Yara's Violent Unravell  Hex/Tmut       0%         3d3       100%        5
 Enfeeble                 Hex            0%         N/A       100%        7


Dungeon Overview and Level Annotations

Branches:
Dungeon (11/15)            Temple (1/1) D:4            Lair (0/5) D:11
    Orc: D:9-12

Altars:
Ashenzari
Cheibriados
Dithmenos
Elyvilon
Fedhas
Gozag
Hepliaklqana
Kikubaaqudgha
Makhleb
Nemelex Xobeh
Okawaru
Qazlal
Ru
Trog
Uskayaw
Vehumet
Wu Jian
Xom
Yredelemnul
Zin
The Shining One

Shops:
D:10 *   D:11 :

Annotations:
D:10 Maggie


Innate Abilities, Weirdness & Mutations

You have a pair of horns on your head.
You reflexively headbutt those who attack you in melee.


Message History

Aim: Maggie, wielding the +9 lance "Wyrmbane" {slay drac, rPois rF+ rC+ AC+3} and wearing +0 swamp dragon scales (heavily wounded, mesmerising, 68% to hit)
You throw a boomerang. The boomerang hits Maggie.
Maggie is heavily wounded.
You break out of your daze.
You block Maggie's attack.
Throw: 5 boomerangs
Press: ? - help, Q - select action, (/) - cycle Shift-Dir - straight line, f/p - Maggie
Aim: Maggie, wielding the +9 lance "Wyrmbane" {slay drac, rPois rF+ rC+ AC+3} and wearing +0 swamp dragon scales (heavily wounded, 68% to hit)
You throw a boomerang. The boomerang hits Maggie.
Maggie is heavily wounded.
The wight hits you with a +0 long sword!
* * * LOW HITPOINT WARNING * * *
Maggie hits you from afar with the +9 lance "Wyrmbane" {slay drac, rPois rF+ rC+ AC+3}.
* * * LOW HITPOINT WARNING * * *
The wight hits you with a +0 long sword!
* * * LOW HITPOINT WARNING * * *
You partially resist.
You feel drained.
* * * LOW HITPOINT WARNING * * *
You hit the wight. Your headbutt misses the wight.
The wight is lightly damaged.
Maggie gestures at you while chanting. The bolt of fire misses you.
You hear a bellow!
Unknown command.
You hit the wight but do no damage. Your headbutt misses the wight.
The wight is lightly damaged.
You block the wight's attack. Maggie barely misses you.
Unknown command.
You feel much better.
The wight hits you with a +0 long sword!
* * * LOW HITPOINT WARNING * * *
You partially resist.
You feel drained.
Maggie points at you and mumbles some strange words.
The bolt of fire hits you!
* * * LOW HITPOINT WARNING * * *
You hear a bellow!
You hit the wight. You headbutt the wight!
The wight is almost destroyed.
The wight hits you with a +0 long sword.
You die...

≈. #....# Y≈...≈.
#....# Y≈._.≈.
#....#
≈≈...≈≈####....#
≈.....≈........#
≈.⌠.⌠.≈##......#
≈..∩..≈#.)#....#
≈.⌠.⌠.≈#)##.?..#
≈....@§@)##....#
≈≈≈≈≈§≈#z.......#
.[....)#........#
................#
[#######........
.........
.........
.........
#.........


You could see Maggie, 2 yaks and a wight.

Vanquished Creatures
  2 two-headed ogres
  The ghost of Winter the Cleaver, a novice MiFi of the Shining One (D:7)
  2 manticores
  A gargoyle (D:7)
  Psyche (D:10)
  2 komodo dragons (D:11)
  A troll (D:7)
  Grinder (D:4)
  3 shadows
  2 wraiths
  A wyvern (D:11)
  The ghost of senseless the Trooper, an amateur DsFi (D:3)
  A steam dragon (D:7)
  4 vampire mosquitoes (D:11)
  Edmund (D:4)
  Menkaure (D:4)
  2 acid dragons
  3 water moccasins
  Duvessa (D:7)
  5 orc warriors
  4 ice beasts
  5 sky beasts
  A black bear (D:11)
  An ogre (D:7)
  3 centaurs
  2 phantoms
  5 bullfrogs
  2 scorpions
  2 wights (D:10)
  Dowan (D:7)
  5 killer bees (D:11)
  3 howler monkeys
  6 orc priests
  4 hounds
  4 jellies
  A centaur skeleton (D:7)
  A gnoll bouda (D:7)
  A sleepcap (D:7)
  Crazy Yiuf (D:7)
  2 iguanas
  2 orc wizards (D:11)
  A centaur simulacrum (D:7)
  A spectral howler monkey (D:7)
  4 gnolls
  10 adders
  2 shadow imps
  A white imp (D:6)
  2 ufetubi
  3 dart slugs
  47 orcs
  9 endoplasms
  5 giant cockroaches
  6 goblins
  7 hobgoblins
  5 quokkas
  7 ball pythons
  7 bats
  3 frilled lizards
  12 kobolds
  4 rats
228 creatures vanquished.

Vanquished Creatures (others)
  A deep elf pyromancer (D:7)
  An orc wizard (D:10)
2 creatures vanquished.

Grand Total: 230 creatures vanquished

Notes
Turn   | Place    | Note
-------+----------+-------------------------------------------
     0 | D:1      | funkygono the Minotaur Fighter began the quest for the Orb.
     0 | D:1      | Reached XP level 1. HP: 19/19 MP: 0/0
    88 | D:1      | Reached XP level 2. HP: 27/27 MP: 1/1
   291 | D:1      | Reached XP level 3. HP: 29/33 MP: 2/2
   598 | D:1      | Found a faded altar of an unknown god.
  1004 | D:2      | Reached skill level 3 in Axes
  1232 | D:2      | Reached XP level 4. HP: 40/40 MP: 3/3
  2035 | D:3      | Identified the +1 chain mail of Etziaxzu {rN+ MP+9}
  2193 | D:3      | Noticed an ice beast
  2202 | D:3      | Killed an ice beast
  2203 | D:3      | Reached skill level 4 in Axes
  2203 | D:3      | Reached skill level 1 in Dodging
  2203 | D:3      | Reached XP level 5. HP: 41/46 MP: 4/4
  2253 | D:3      | Found a runed translucent gate.
  2254 | D:3      | Found a runed translucent gate.
  2255 | D:3      | Found a runed translucent gate.
  2256 | D:3      | Noticed senseless's ghost (amateur DsFi)
  2656 | D:3      | Reached skill level 5 in Axes
  2658 | D:3      | Killed senseless's ghost
  2659 | D:3      | Reached skill level 5 in Armour
  2659 | D:3      | Reached XP level 6. HP: 35/53 MP: 5/5
  2920 | D:4      | Noticed Edmund
  2928 | D:4      | Killed Edmund
  2929 | D:4      | Reached skill level 6 in Axes
  2929 | D:4      | Reached XP level 7. HP: 53/60 MP: 6/6
  3038 | D:4      | Noticed Grinder
  3066 | D:4      | Killed Grinder
  3179 | D:4      | Reached skill level 7 in Axes
  3200 | D:4      | Found a staircase to the Ecumenical Temple.
  3214 | Temple   | Entered the Ecumenical Temple
  3468 | Temple   | Became a worshipper of Warmaster Okawaru
  3500 | D:4      | Noticed Menkaure
  3507 | D:4      | Killed Menkaure
  3508 | D:4      | Reached skill level 5 in Fighting
  3508 | D:4      | Reached XP level 8. HP: 30/68 MP: 6/7
  4032 | D:5      | Entered Level 5 of the Dungeon
  4160 | D:5      | Reached skill level 8 in Axes
  4226 | D:5      | Found a stormy altar of Qazlal.
  4479 | D:5      | Reached skill level 5 in Shields
  4710 | D:5      | Reached * piety under Okawaru
  5092 | D:6      | Reached skill level 9 in Axes
  5278 | D:6      | Found a basalt altar of Yredelemnul.
  5279 | D:6      | Found an ancient bone altar of Kikubaaqudgha.
  5279 | D:6      | Found a shadowy altar of Dithmenos.
  5285 | D:6      | Found a glowing silver altar of Zin.
  5288 | D:6      | Found a hazy altar of Hepliaklqana.
  5664 | D:6      | Reached XP level 9. HP: 53/75 MP: 8/8
  5941 | D:7      | Reached skill level 10 in Axes
  6014 | D:7      | Noticed Dowan
  6014 | D:7      | Noticed Duvessa
  6032 | D:7      | Killed Dowan
  6053 | D:7      | Killed Duvessa
  6388 | D:7      | Found a runed translucent door.
  6389 | D:7      | Noticed Crazy Yiuf
  6596 | D:7      | Reached ** piety under Okawaru
  6628 | D:7      | Reached skill level 11 in Axes
  6726 | D:7      | Noticed a two-headed ogre
  6726 | D:7      | Noticed a deep elf pyromancer
  6736 | D:7      | Killed a two-headed ogre
  6737 | D:7      | Noticed a troll
  6740 | D:7      | Killed a troll
  6740 | D:7      | Noticed a gargoyle
  6741 | D:7      | Reached skill level 12 in Axes
  6741 | D:7      | Reached skill level 10 in Armour
  6741 | D:7      | Reached XP level 10. HP: 38/84 MP: 8/9
  6742 | D:7      | Killed a gargoyle
  6743 | D:7      | Reached skill level 1 in Stealth
  6755 | D:7      | Killed a deep elf pyromancer
  6760 | D:7      | Reached *** piety under Okawaru
  6769 | D:7      | Reached skill level 1 in Invocations
  6969 | D:7      | Identified the ring "Waek" {rElec rPois Dex+7 SInv Stlth-}
  6969 | D:7      | Noticed a manticore
  6981 | D:7      | Killed a manticore
  7062 | D:7      | Identified the ring "Icuad" {rCorr Int+6}
  7073 | D:7      | Identified the ring "Paawodgh" {+Blink rPois rF+ Int+9
                  | Stlth-}
  7076 | D:7      | Identified the ring of Piaj {rPois Will+++ rCorr Str-3
                  | Int-4}
  7153 | D:7      | Received a gift from Okawaru
  7316 | D:7      | Found a runed translucent gate.
  7316 | D:7      | Found a runed translucent gate.
  7316 | D:7      | Found a runed translucent gate.
  7317 | D:7      | Noticed Winter's ghost (novice MiFi)
  7460 | D:7      | Killed Winter's ghost
  7685 | D:7      | Killed Crazy Yiuf
  7804 | D:8      | Reached skill level 13 in Axes
  7997 | D:8      | Found a sacrificial altar of Ru.
  8284 | D:8      | You fall into a shaft and drop 3 floors!
  8413 | D:11     | Reached **** piety under Okawaru
  8478 | D:11     | Received a gift from Okawaru
  8501 | D:11     | Reached skill level 1 in Throwing
  8501 | D:11     | Reached XP level 11. HP: 84/94 MP: 11/11
  8660 | D:11     | Noticed a two-headed ogre
  8666 | D:11     | Killed a two-headed ogre
  8818 | D:11     | Found Opanol's Book Emporium.
  9086 | D:11     | Found a staircase to the Lair.
  9278 | D:11     | Reached skill level 14 in Axes
  9585 | D:10     | Entered Level 10 of the Dungeon
  9590 | D:10     | Found Gozag's Platinum Reserve.
  9590 | D:10     | Found an opulent altar of Gozag.
  9600 | D:10     | Noticed Maggie
  9602 | D:10     | Noticed Psyche
  9615 | D:10     | Killed Psyche
  9627 | D:10     | HP: 4/92 [Maggie/bolt of fire (14)]
  9628 | D:10     | Slain by a wight

Illustrated notes

Levels and vault maps discovered:
D:1:      dpeg_arrival_court, layout_loops_cross, serial_forest,
          infiniplex_forest_clump_medium, infiniplex_forest_end_2,
          infiniplex_forest_lined_room_3, infiniplex_forest_clump_double,
          infiniplex_forest_straight_3, infiniplex_forest_straight_1,
          infiniplex_forest_clump_diagonal, infiniplex_forest_lined_room_,
          shapermc_ecumenical_altar_acropolis, minmay_misc_feat_iff
D:2:      layout_basic, minmay_tripent
D:3:      layout_loops_corners, biasface_ghost_orc_armoury,
          hangedman_decor_opposing, nicolae_concentric_dashed_squares_wild,
          hangedman_decor_peaks_small, st_stairs_1,
          chequers_serial_rivers_small_a
D:4:      layout_loops_cross, minmay_temple_entry_arrows,
          chequers_serial_rivers_small_b, kennysheep_nondescript, uniq_edmund,
          uniq_grinder, uniq_menkaure
D:5:      layout_loops_ring, grunt_qazlal_clouds
D:6:      layout_rooms, grunt_temple_overflow_open,
          gammafunk_temple_overflow_forgotten
D:7:      minmay_the_grid_triangle_9x9_rhombus_thin
          [minmay_the_grid_triangle_9x9_thin_v,
          minmay_the_grid_triangle_9x9_prize_special,
          minmay_the_grid_triangle_9x9_checkered,
          minmay_the_grid_triangle_9x9_zippers_horizontal],
          layout_loops_corners, gammafunk_ghost_necromancy,
          uniq_crazy_yiuf_cottage, uniq_duvessa
D:8:      layout_loops_corners, lemuel_coloured_pillars_altar
D:10:     layout_rooms, nicolae_gozag_zags_fifth_avenue, enter_trove_5,
          nicolae_stop_n_shop_2, serial_bayou_lake_a, uniq_maggie, uniq_psyche,
          uniq_gastronok
D:11:     layout_stronghold, grunt_lair_entry_orc_guard_hut, serial_shops,
          nicolae_shop_waterfront, minmay_hedge_maze
Temple:   oiseaux_autumnal_temple

Skill      XL: |  1  2  3  4  5  6  7  8  9 10 11 |
---------------+----------------------------------+-----
Armour         | 4 5 6 7 8 10 11 | 11.7
Shields        | 4 5 6 7 |  7.6
Axes           | 3 4 5 6 7 9 12 13 14 | 14.2
Fighting       | 4 5 6 7 8 |  8.3
Dodging        | 1 2 3 |  3.3
Stealth        | 1 |  1.4
Invocations    | 1 2 |  2.0
Throwing       | 1 |  1.5

Action                     |  1- 3 |  4- 6 |  7- 9 | 10-12 || total
---------------------------+-------+-------+-------+-------++-------
  Melee: War axe           |    86 |    83 |   279 |   199 ||   647
         Headbutt          |    12 |    17 |    53 |    61 ||   143
  Throw: Boomerang         |       |       |     1 |    16 ||    17
 Invoke: Heroism           |       |       |     4 |     9 ||    13
    Use: Potion            |       |     1 |       |     2 ||     3
         Scroll            |       |       |    16 |     3 ||    19
   Stab: Distracted        |       |       |     1 |       ||     1
 Armour: Scale mail        |    43 |    25 |       |       ||    68
         Chain mail        |       |    30 |   148 |    80 ||   258
  Dodge: Dodged            |    44 |    54 |    97 |    77 ||   272
  Block: Buckler           |    17 |    22 |    55 |    51 ||   145

Table legend: (Time is in decaauts)
 A = Elapsed time spent in this place.
 B = Non-inter-level travel time spent in this place.
 C = Inter-level travel time spent in this place.
 D = Time resting spent in this place.
 E = Time spent auto-exploring this place.
 F = Levels seen in this place.
 G = Mean time per level.
                   A        B        C        D        E       F      G
               +--------+--------+--------+--------+--------+-----+--------+
         Total |   9681 |   9435 |    246 |    405 |   7239 |  11 |  880.1 |
       Dungeon |   9393 |   9193 |    200 |    405 |   7007 |  10 |  939.3 |
        Temple |    288 |    243 |     45 |      0 |    231 |   1 |  288.0 |
               +--------+--------+--------+--------+--------+-----+--------+

Top non-repeatable levels by time:
     D:7: 1838 daAuts
    D:11: 1287 daAuts
     D:3: 1260 daAuts
     D:5: 1036 daAuts
     D:4: 971 daAuts
     D:1: 937 daAuts
     D:6: 841 daAuts
     D:2: 649 daAuts
     D:8: 530 daAuts
  Temple: 288 daAuts
    D:10: 40 daAuts
